[Event "Early-Titled-Tuesday-Blitz-January-16-2024"]
[Site "Chess.com"]
[Date "2024.01.16"]
[Round "11"]
[White "ContrVersia"]
[Black "sergoy"]
[Result "0-1"]
[WhiteElo "2849"]
[BlackElo "3022"]
[TimeControl "180+1"]
[EndTime "10:09:15 PST"]
[Termination "sergoy won by resignation"]

1. d4 d5 2. c4 c6 3. cxd5 cxd5 4. Nc3 Nf6 5. Bf4 Nc6 6. e3 a6 7. Bd3 Bg4 8. Nge2 e6 9. O-O Be7 10. Rc1 O-O 11. a3 Rc8 12. h3 Bh5 13. b4 b5 14.
Bg5 Nd7 15. Bxe7 Qxe7 16. Qb3 Bg6 17. Nf4 Nb6 18. Nxg6 hxg6 19. Ra1 Nc4 20. Rfc1 Rfd8 21. Rd1 g5 22. Ne2 g6 23. e4 dxe4 24. Bxe4 Rd6 25.
Rd3 Rcd8 26. Rad1 Qf6 27. d5 N6e5 28. Rd4 g4 29. dxe6 Rxd4 30. exf7+ Nxf7 31. Nxd4 Rxd4 32. Rxd4 Qxd4 33. Bxg6 Nfe5 34. Bf5 Kg7 35. Qg3 Nd2 36. Bxg4 Nxg4 37. Qc7+ Kg6 38. hxg4 Qa1+ 39. Kh2 Nf1+ 40. Kg1 Ne3+ 41. Kh2 Nxg4+ 42. Kg3 Qe5+ 43. Qxe5 Nxe5 44. Kf4 Nc4 45. Ke4 Nxa3 46. Kd4 Kf5 47. Kc5 Nc2 48. f3 Kf4 49. g4 Kg5 0-1

[Event "Early-Titled-Tuesday-Blitz-January-16-2024"]
[Site "Chess.com"]
[Date "2024.01.16"]
[Round "11"]
[White "Jumbo"]
[Black "jk13"]
[Result "1-0"]
[WhiteElo "2924"]
[BlackElo "2695"]
[TimeControl "180+1"]
[EndTime "10:09:15 PST"]
[Termination "Jumbo won by resignation"]

1. d4 Nf6 2. c4 e6 3. g3 Bb4+ 4. Bd2 Bxd2+ 5. Qxd2 O-O 6. Bg2 d5 7. Nf3 c6 8. Na3 Nbd7 9. O-O b6 10. Rfc1 Bb7 11. cxd5 cxd5 12. Nb5 Ne4 13. Qf4 Ndf6 14. Qc7 Ba6 15. Qxd8 Raxd8 16. Nxa7 Bxe2 17. Ne5 Nd6 18. Rc2 Ba6 19. Rc6 Nf5 20. Rxb6 Bc8 21. Nac6 Rde8 22. Bh3 Ne7 23. a4 Nxc6 24. Nxc6 Bd7 25. a5 Bxc6 26. Rxc6 Ra8 27. b4 Rfb8 28. Ra4 Ne4 29. Bf1 Nd2 30.
a6 Nf3+ 31. Kg2 Nxd4 32. Rc7 g6 33. Rb7 Rd8 34. b5 Nf5 35. b6 Rd6 36. a7 Rdd8 37.
Rc7 Nd6 38. b7 Nxb7 39. Rxb7 d4 40. Bd3 1-0

[Event "Early-Titled-Tuesday-Blitz-January-16-2024"]
[Site "Chess.com"]
[Date "2024.01.16"]
[Round "11"]
[White "FredddieCroderg"]
[Black "Nouali_Mohamed"]
[Result "1-0"]
[WhiteElo "2355"]
[BlackElo "2552"]
[TimeControl "180+1"]
[EndTime "10:09:15 PST"]
[Termination "FredddieCroderg won on time"]

1. d4 Nf6 2. Bg5 e6 3. Nd2 Be7 4. e4 d5 5. e5 Nfd7 6. Bxe7 Qxe7 7.
Qg4 f6 8. f4 c5 9. c3 Nc6 10.
Ngf3 O-O 11. Bd3 cxd4 12. cxd4 Qb4 13. Qh5 f5 14. Ng5 h6 15. Nxe6 Ndxe5 16. dxe5 Bxe6 17. Qg6 Rae8 18. Rf1 Qd4 19. Rf3 Nb4 20. Ke2 Nxd3 21. Rxd3 Qxf4 22. Nf3 d4 23. Rxd4 Bc4+ 24. Kf2 Bf7 25.
Qxf7+ Rxf7 26. Rxf4 g5 27. Rd4 Rc7 28. Rad1 g4 29. Rd8 Kf7 30. Rxe8 Kxe8 31. Nd4 f4 32. Nf5 Rc2+ 33. Ke1 Rxb2 34. e6 Rxg2 35. Kf1 Rxh2 36. Rd4 f3 37. e7 Rh1+ 38. Kf2 Rh2+ 39. Kg3 Rg2+ 40. Kf4 f2 41. Rd8+ Kf7 42. e8=Q+ 1-0

[Event "Early-Titled-Tuesday-Blitz-January-16-2024"]
[Site "Chess.com"]
[Date "2024.01.16"]
[Round "11"]
[White "ClayK1ng"]
[Black "topce"]
[Result "1-0"]
[WhiteElo "2306"]
[BlackElo "2361"]
[TimeControl "180+1"]
[EndTime "10:09:15 PST"]
[Termination "ClayK1ng won by resignation"]

1. e4 e6 2. d4 d5 3. Nc3 Nf6 4. e5 Nfd7 5. f4 c5 6. Nf3 Nc6 7. Be3 a6 8. Qd2 b5 9. dxc5 Bxc5 10. Bf2 h6 11. Bd3 Qb6 12. O-O Bxf2+ 13. Qxf2 Qxf2+ 14. Kxf2 g5 15. g3 Bb7 16. Ne2 Ke7 17. Ned4 Nxd4 18.
Nxd4 gxf4 19. gxf4 Rag8 20. Rg1 f6 21. exf6+ Kxf6 22. Rae1 Nc5 23. b4 Ne4+ 24. Bxe4 dxe4 25. Rg3 e5 26.
fxe5+ Kxe5 27. Nf3+ Kf4 28. Nd2 Rxg3 29. hxg3+ Ke5 30. c4 Rf8+ 31. Ke2 Kd4 32. c5 e3 33. Nb3+ Ke4 34. Rf1 Rxf1 35. Kxf1 Kd3 36. Ke1 Kc3 37. Na5 Bf3 38. a3 Kb2 39. c6 Kxa3 40. c7 Bg4 41. Nc6 Ka4 42. Kf1 Kb3 43. Ke1 Kc4 44. Ne5+ Kxb4 45.
Nxg4 a5 46. c8=Q a4 47. Qc1 a3 48. Nxe3 Kb3 49. Qc2+ Kb4 50. Nd5+ Ka5 51. Qc3+ Ka6 52. Qxa3+ Kb7 53. Qc5 1-0

[Event "Early-Titled-Tuesday-Blitz-January-16-2024"]
[Site "Chess.com"]
[Date "2024.01.16"]
[Round "11"]
[White "hakanazeri2"]
[Black "RobertoJBM"]
[Result "1-0"]
[WhiteElo "2585"]
[BlackElo "2786"]
[TimeControl "180+1"]
[EndTime "10:09:17 PST"]
[Termination "hakanazeri2 won on time"]

1. Nf3 d5 2. c4 c6 3. d4 Nf6 4. Nc3 dxc4 5. a4 Bf5 6. Ne5 Nbd7 7. Nxc4 Nb6 8. Ne5 a5 9. f3 Nfd7 10. Nxd7 Nxd7 11. e4 Bg6 12. Be3 Qb6 13. Qd2 e5 14.
Rd1 O-O-O 15. g3 exd4 16. Bxd4 Bc5 17. Bh3 Bxd4 18. Qxd4 Qxd4 19. Rxd4 Kc7 20. Bxd7 Rxd7 21. Rxd7+ Kxd7 22. h4 f6 23. Kf2 Bf7 24. Ke3 Kc7 25. h5 Rd8 26. Ne2 Bc4 27. Nd4 Rd7 28. g4 Kb6 29. Rc1 Bf7 30. f4 c5 31. Ne2 Bb3 32.
Nc3 Rd4 33. g5 Bxa4 34. gxf6 gxf6 35. Nd5+ Ka6 36. Nxf6 b6 37. e5 Bb3 38. f5 Rd8 39. e6 Ba4 40. e7 Rd6 41. e8=Q Bxe8 42. Nxe8 1-0

[Event "Early-Titled-Tuesday-Blitz-January-16-2024"]
[Site "Chess.com"]
[Date "2024.01.16"]
[Round "11"]
[White "Witty_Alien"]
[Black "VeraVujovic"]
[Result "0-1"]
[WhiteElo "2329"]
[BlackElo "2248"]
[TimeControl "180+1"]
[EndTime "10:09:17 PST"]
[Termination "VeraVujovic won by resignation"]

1. e4 e5 2. d4 exd4 3. c3 Nf6 4. e5 Qe7 5. Nf3 d6 6. cxd4 Nbd7 7.
Bb5 c6 8. O-O dxe5 9. dxe5 Nd5 10. Bg5 Qe6 11. Nd4 Qg6 12. e6 fxe6 13. Bd3 Qxg5 14.
Nxe6 Qe7 15. Re1 Kf7 16. Qh5+ g6 17. Bxg6+ Kg8 18. Nc3 N7f6 19. Nxd5 cxd5 20. Qf5 Bxe6 21. Rxe6 hxg6 22. Qxg6+ Qg7 23. Rxf6 Qxg6 24. Rxg6+ Kf7 25. Rg3 Bd6 26. Rd3 Bxh2+ 27. Kf1 Bc7 28. Rf3+ Ke7 29.
Re1+ Kd6 30. Rf6+ Kd7 31. Rf7+ Kc6 32. Rf6+ Kb5 33. Rf7 Rh1+ 34. Ke2 Re8+ 35. Kd2 Ba5+ 36. b4 Bxb4+ 37. Kc2 0-1

[Event "Early-Titled-Tuesday-Blitz-January-16-2024"]
[Site "Chess.com"]
[Date "2024.01.16"]
[Round "11"]
[White "Happy1712Drummer"]
[Black "RandomNoob04"]
[Result "0-1"]
[WhiteElo "2479"]
[BlackElo "2597"]
[TimeControl "180+1"]
[EndTime "10:09:19 PST"]
[Termination "RandomNoob04 won by checkmate"]

1. d4 Nf6 2. Nf3 c5 3. e3 g6 4. c3 b6 5. Nbd2 Bg7 6. a4 a5 7. Bd3 O-O 8. O-O Bb7 9. Qe2 d6 10. Re1 Nbd7 11. Bb5 e5 12. dxe5 dxe5 13. e4 Qc7 14.
Qc4 Rad8 15. Nf1 h6 16. Ng3 Nb8 17. b4 axb4 18. cxb4 Rc8 19. bxc5 Nbd7 20. Ba3 Nxc5 21. Rac1 Rfd8 22. Qa2 Qb8 23. Nh4 Ncxe4 24. Nxg6 Rxc1 25. Rxc1 Nxg3 26. hxg3 Nd5 27. Nh4 Rc8 28. Nf5 Rxc1+ 29.
Bxc1 Qc8 30. Qc4 Qxf5 31. f3 Qc8 32. Qf1 Qc5+ 33. Kh2 Nf6 34. Qe1 e4 35. f4 Ng4+ 36. Kh1 Bd4 37. f5 Qxf5 38. Bf4 Qh5# 0-1

[Event "Early-Titled-Tuesday-Blitz-January-16-2024"]
[Site "Chess.com"]
[Date "2024.01.16"]
[Round "11"]
[White "kai_nov"]
[Black "PawnEatingZombie"]
[Result "0-1"]
[WhiteElo "2290"]
[BlackElo "2159"]
[TimeControl "180+1"]
[EndTime "10:09:21 PST"]
[Termination "PawnEatingZombie won on time"]

1. d4 Nf6 2. Nc3 g6 3. e4 d6 4. Nf3 Bg7 5. Bg5 O-O 6. Bc4 e6 7.
O-O h6 8. Bh4 g5 9. Nxg5 hxg5 10. Bxg5 Qe8 11. e5 Nh7 12. Bf4 dxe5 13. dxe5 Qe7 14. Qg4 f5 15. Qg3 Nc6 16. Rad1 Bd7 17. Nb5 Rac8 18. Qg6 Rfe8 19. Bh6 Nf8 20. Qg3 a6 21. Nc3 Rcd8 22. Ne2 Nxe5 23. Bb3 Neg6 24. Bxg7 Qxg7 25. Qxc7 Bc6 26. Qb6 Rxd1 27. Rxd1 Nh4 28. Ng3 f4 29. Qb4 Nxg2 30. Nh5 Qg5 31. Kf1 Qxh5 32. Qd4 Qg5 33. c3 Nh4 34. Re1 Bf3 0-1

[Event "Early-Titled-Tuesday-Blitz-January-16-2024"]
[Site "Chess.com"]
[Date "2024.01.16"]
[Round "11"]
[White "forevery0ung"]
[Black "vladgoncharov"]
[Result "0-1"]
[WhiteElo "2835"]
[BlackElo "2634"]
[TimeControl "180+1"]
[EndTime "10:09:22 PST"]
[Termination "vladgoncharov won by resignation"]

1. c4 Nf6 2. Nc3 c5 3. g3 Nc6 4. Bg2 g6 5. Nf3 d6 6. d4 cxd4 7. Nxd4 Bd7 8. O-O Bg7 9. b3 O-O 10. Bb2 Nxd4 11. Qxd4 Bc6 12. Rfd1 Qa5 13. Qd3 Bxg2 14.
Kxg2 Rfc8 15. Rac1 a6 16. a3 Rab8 17. b4 Qd8 18. e4 Nd7 19. Qe2 Bxc3 20. Bxc3 Qe8 21. Ba1 f6 22. c5 dxc5 23. Qc4+ Kg7 24. Qe6 Nf8 25. Qd5 cxb4 26. e5 bxa3 27. Qf3 Qf7 28. Rxc8 Rxc8 29. Qxb7 Rc2 30. Re1 Ne6 31. Qe4 Ra2 32.
Qc4 Rxa1 33. Rxa1 g5 34. Rxa3 Nf4+ 35. Qxf4 gxf4 36. exf6+ Qxf6 37. gxf4 Qb6 0-1

[Event "Early-Titled-Tuesday-Blitz-January-16-2024"]
[Site "Chess.com"]
[Date "2024.01.16"]
[Round "11"]
[White "SmirnovTimofey2000"]
[Black "Viktor_Poddubnyi"]
[Result "0-1"]
[WhiteElo "1987"]
[BlackElo "2265"]
[TimeControl "180+1"]
[EndTime "10:09:23 PST"]
[Termination "Viktor_Poddubnyi won on time"]

1. e4 g6 2. d4 Bg7 3. Nc3 d6 4.
Bf4 a6 5. Nf3 b5 6. a3 Bb7 7. Qd2 Nd7 8. Be2 c5 9. dxc5 Nxc5 10.
O-O-O Nxe4 11. Nxe4 Bxe4 12. Qe3 Nf6 13. Bh6 O-O 14.
Bxg7 Kxg7 15. Ng5 Bb7 16. h4 h5 17. Bf3 Bxf3 18. Qxf3 Qc7 19. g4 Nxg4 20. Rhe1 Rac8 21. Rd2 Ne5 22. Qe4 Qc4 23. Rd4 Qa2 24. f4 Nc4 25. Rxc4 Qxc4 26. Qxc4 Rxc4 27. Rxe7 Rxf4 28. Ra7 Re8 29.
Rxa6 Rxh4 30. Rxd6 Rg4 0-1

[Event "Early-Titled-Tuesday-Blitz-January-16-2024"]
[Site "Chess.com"]
[Date "2024.01.16"]
[Round "11"]
[White "Roman_Ovetchkin"]
[Black "Gabrielian_Artur"]
[Result "0-1"]
[WhiteElo "2660"]
[BlackElo "2791"]
[TimeControl "180+1"]
[EndTime "10:09:24 PST"]
[Termination "Gabrielian_Artur won by resignation"]

1. d4 Nf6 2. c4 g6 3. Nc3 Bg7 4. e4 O-O 5. Nf3 d6 6. Be2 e5 7. d5 Na6 8. Nd2 h5 9. Rb1 c5 10. a3 Bh6 11. Nf1 Bxc1 12. Qxc1 Nh7 13. h4 f5 14. exf5 Bxf5 15. Ra1 Qf6 16. Ng3 Qe7 17. Nxf5 gxf5 18. Bxh5 Kh8 19. Bg6 e4 20. Qf4 Nc7 21.
Nd1 b5 22. Bxh7 Kxh7 23. b3 Rab8 24. O-O Qe5 25. Qxe5 dxe5 26. Ne3 Ne8 27. cxb5 Rxb5 28. Nc4 Rxb3 29. Rab1 Rxb1 30. Rxb1 Nf6 31. Rb7+ Kh6 32. d6 f4 33. Nxe5 e3 34. Kf1 Ne4 35. d7 exf2 36.
Nc6 f3 37. gxf3 Rxf3 0-1

[Event "Early-Titled-Tuesday-Blitz-January-16-2024"]
[Site "Chess.com"]
[Date "2024.01.16"]
[Round "11"]
[White "Oleksandr_Bortnyk"]
[Black "wonderfultime"]
[Result "1-0"]
[WhiteElo "3108"]
[BlackElo "3002"]
[TimeControl "180+1"]
[EndTime "10:09:25 PST"]
[Termination "Oleksandr_Bortnyk won by resignation"]

1. e4 e5 2. Nf3 Nc6 3. Bb5 a6 4. Ba4 Bc5 5. Nc3 Nge7 6. Nd5 O-O 7.
c3 d6 8. d4 exd4 9. cxd4 Nxd5 10. dxc5 Nf6 11. Bg5 h6 12. Bh4 Re8 13. O-O Bg4 14.
cxd6 cxd6 15. h3 Bxf3 16. Qxf3 g5 17. Bg3 Rxe4 18. Bxc6 bxc6 19. Rac1 Rc8 20. Qa3 Re6 21.
Qxa6 d5 22. f3 c5 23. Qd3 d4 24. b4 Nh5 25. Bh2 Re3 26. Qa6 Re6 27. Qd3 Qd5 28. bxc5 Rxc5 29. Rxc5 Qxc5 30. Rd1 Ra6 31. Qxa6 d3+ 32.
Kh1 d2 33. Qd3 Ng7 34. Qxd2 Ne6 35. a4 Qa3 36. a5 Qa4 37. Rc1 Kh7 38. Qc2+ 1-0

[Event "Early-Titled-Tuesday-Blitz-January-16-2024"]
[Site "Chess.com"]
[Date "2024.01.16"]
[Round "11"]
[White "Ducke13"]
[Black "Lady_Nika"]
[Result "0-1"]
[WhiteElo "2334"]
[BlackElo "2565"]
[TimeControl "180+1"]
[EndTime "10:09:25 PST"]
[Termination "Lady_Nika won by checkmate"]

1. d4 d5 2. g3 e6 3. Bg2 f5 4.
Nf3 Nf6 5. O-O Bd6 6. c4 c6 7. Ne5 O-O 8. Bf4 Qe7 9. Nd2 Nbd7 10. Ndf3 Ne4 11. Rc1 Nxe5 12. Bxe5 Bd7 13. c5 Bb8 14. b4 a6 15. Bxb8 Raxb8 16. Ne5 Be8 17. f3 Nf6 18. a4 Nd7 19. Nxd7 Bxd7 20. e4 f4 21. e5 fxg3 22. hxg3 Qg5 23. Qe1 b6 24. Bh3 bxc5 25. Rxc5 Rf4 26.
Qf2 Rxb4 27. Kh2 Rfxd4 28. f4 Qh6 29. Ra5 Rxa4 30. Rxa6 Rxa6 31. Qxd4 Ra2+ 32. Rf2 Rxf2+ 33. Qxf2 Qg6 34. Qb6 Qe8 35. Qc7 Qc8 36. Qd6 c5 37. g4 c4 38. f5 c3 39. f6 c2 40. Qe7 Qf8 41. Qxd7 c1=Q 42. Qxe6+ Qf7 43. Qd6 Qf4+ 44. Kg1 gxf6 45. Bg2 Qa7+ 46. Kh1 Qa1+ 47. Bf1 Qaxf1# 0-1

[Event "Early-Titled-Tuesday-Blitz-January-16-2024"]
[Site "Chess.com"]
[Date "2024.01.16"]
[Round "11"]
[White "SantoBlue"]
[Black "Jospem"]
[Result "0-1"]
[WhiteElo "2968"]
[BlackElo "3098"]
[TimeControl "180+1"]
[EndTime "10:09:26 PST"]
[Termination "Jospem won by resignation"]

1. e4 e5 2. Nf3 Nf6 3. Nc3 Nc6 4. d4 exd4 5. Nxd4 Bb4 6. Nxc6 bxc6 7. Bd3 d5 8. exd5 Qe7+ 9. Qe2 Qxe2+ 10. Kxe2 Nxd5 11. Nxd5 cxd5 12. Bf4 c6 13. c3 Be7 14. Kd2 f6 15. h4 Kf7 16. h5 a5 17. Rag1 Be6 18. g4 g6 19. f3 Rad8 20. Re1 g5 21. Bc7 Ra8 22. Bg6+ hxg6 23. hxg6+ Kxg6 24. Rxh8 Rxh8 25. Rxe6 Kf7 26. Rxc6 Rc8 27. Kd3 a4 28. Kd4 Bd8 29. Bxd8 Rxc6 30. Kxd5 Re6 31. b4 axb3 32. axb3 Re3 33.
Kd4 Rxf3 34. b4 f5 35. gxf5 g4 36. Ke4 Rxc3 37. b5 g3 38. Bb6 Rb3 39. Bg1 Rb1 40. Be3 g2 41. Kf3 g1=Q 42. Bxg1 Rxg1 0-1

[Event "Early-Titled-Tuesday-Blitz-January-16-2024"]
[Site "Chess.com"]
[Date "2024.01.16"]
[Round "11"]
[White "Timerkhanov"]
[Black "adotand"]
[Result "0-1"]
[WhiteElo "2672"]
[BlackElo "2874"]
[TimeControl "180+1"]
[EndTime "10:09:26 PST"]
[Termination "adotand won by resignation"]

1. d4 Nf6 2. Bg5 c5 3. d5 Ne4 4. h4 Qb6 5. Nd2 h6 6. Bf4 Nf6 7. e4 d6 8. Nc4 Qd8 9. e5 dxe5 10. Nxe5 Qxd5 11. Bb5+ Nbd7 12. Qe2 Qd4 13. Nh3 a6 14. Rd1 Qb4+ 15. c3 Qxb5 16. Nc4 e6 17. Bd6 Be7 18. Bxe7 Kxe7 19. Nf4 Rd8 20. g4 Qc6 21. f3 Nb6 22.
Ne5 Rxd1+ 23. Kxd1 Qd6+ 24. Kc1 Nfd5 25. Nxd5+ Qxd5 26.
Rd1 Qxa2 27. Qe3 Qa1+ 28. Kc2 Qa4+ 29. Kc1 Qb5 30. Qf4 f6 31. Ng6+ Kf7 32. Nh8+ Ke8 33. Qd6 Qxb2+ 34. Kxb2 Nc4+ 35. Kb3 Nxd6 36. Rxd6 Bd7 37.
Ng6 Rc8 38. Rb6 Bc6 39. Nf4 Kf7 40. Kc4 g5 41. hxg5 hxg5 42. Nd3 Bxf3 43. Nxc5 Rc7 44. Kb4 Bxg4 45. Nxb7 Bf5 46. Nd6+ Kg6 47. c4 g4 48. c5 g3 49. Kc4 g2 50. Rb8 g1=Q 0-1

[Event "Early-Titled-Tuesday-Blitz-January-16-2024"]
[Site "Chess.com"]
[Date "2024.01.16"]
[Round "11"]
[White "Gryffindorac8"]
[Black "margarita_2703"]
[Result "1-0"]
[WhiteElo "2371"]
[BlackElo "2273"]
[TimeControl "180+1"]
[EndTime "10:09:27 PST"]
[Termination "Gryffindorac8 won on time"]

1. d4 d5 2. c4 e6 3. Nf3 Nf6 4. g3 Be7 5. Bg2 O-O 6. O-O dxc4 7. Qc2 b5 8. a4 a6 9. axb5 Bb7 10. bxa6 Nxa6 11. Qxc4 Bd5 12. Qd3 c5 13. Nc3 Nb4 14. Rxa8 Qxa8 15. Qd1 cxd4 16. Qxd4 Bb7 17. Bf4 Rd8 18. Qc4 Rc8 19. Qb3 Nbd5 20. Be5 Nxc3 21. Bxc3 Bd5 22. Qc2 Ne4 23. Ne1 Nxc3 24. bxc3 Bxg2 25.
Nxg2 Bf6 26. c4 Qc6 27. Rc1 Bg5 28. e3 h6 29. h4 Bf6 30. Nf4 Be5 31. Nd3 Bf6 32.
c5 Qd5 33. Qc4 Qc6 34. Nb4 Qa4 35. c6 Qa3 36. Nd3 Qa5 37. c7 Be7 38. Qc6 Qa3 39. Qd7 Rxc7 40. Qxc7 Bf6 41. Nf4 1-0

[Event "Early-Titled-Tuesday-Blitz-January-16-2024"]
[Site "Chess.com"]
[Date "2024.01.16"]
[Round "11"]
[White "vi_pranav"]
[Black "I_am_Javi"]
[Result "1-0"]
[WhiteElo "3011"]
[BlackElo "2772"]
[TimeControl "180+1"]
[EndTime "10:09:28 PST"]
[Termination "vi_pranav won by resignation"]

1. e4 e5 2. Nf3 Nc6 3. Bb5 f5 4. d3 fxe4 5. dxe4 Nf6 6. O-O d6 7. Bc4 Bg4 8. h3 Bh5 9. Be2 Bg6 10. Nc3 Be7 11. Nh4 Bf7 12. Nf5 O-O 13. f4 exf4 14. Bxf4 Nd7 15. Bd3 Nce5 16. Qe1 Bf6 17. Qg3 Ng6 18. Be3 Be5 19. Qg4 Nf6 20. Qe2 Qd7 21.
Rad1 Rae8 22. Qd2 a6 23. Rf2 Qc6 24. Rdf1 d5 25. exd5 Nxd5 26. Bd4 Nxc3 27. bxc3 Qd5 28. Qg5 c5 29. Bxe5 Qxe5 30. h4 c4 31. Be2 h6 32.
Qg4 Qe4 33. Qxe4 Rxe4 34. Nd6 1-0

[Event "Early-Titled-Tuesday-Blitz-January-16-2024"]
[Site "Chess.com"]
[Date "2024.01.16"]
[Round "11"]
[White "Matols"]
[Black "noblerone"]
[Result "0-1"]
[WhiteElo "2387"]
[BlackElo "2514"]
[TimeControl "180+1"]
[EndTime "10:09:28 PST"]
[Termination "noblerone won on time"]

1. d4 e6 2. c4 d5 3. Nf3 Nf6 4. g3 Be7 5. Bg2 O-O 6. O-O Nbd7 7. Nbd2 c6 8. Qc2 b6 9. e4 dxe4 10. Nxe4 Bb7 11. Nxf6+ Bxf6 12. c5 e5 13. dxe5 Nxe5 14. Nxe5 Bxe5 15. Rd1 Qf6 16. Be3 b5 17. Rd2 Bc8 18. Be4 g6 19. Rad1 Bh3 20. f4 Bc7 21. Bd4 Qe6 22. Rf2 Rad8 23. Rfd2 Ba5 24. Bc3 Rxd2 25.
Rxd2 Bxc3 26. bxc3 Re8 27. Re2 Qc4 28. Bf3 Qxc5+ 29.
Kh1 Rd8 30. Rd2 Re8 31. Re2 Rxe2 32. Qxe2 Qxc3 33. Qd1 Kg7 34. Kg1 a5 35. Kf2 b4 36.
Qe2 Be6 37. Qe4 Bd5 0-1

[Event "Early-Titled-Tuesday-Blitz-January-16-2024"]
[Site "Chess.com"]
[Date "2024.01.16"]
[Round "11"]
[White "Kostukov_Alex"]
[Black "rhungaski"]
[Result "0-1"]
[WhiteElo "2311"]
[BlackElo "2515"]
[TimeControl "180+1"]
[EndTime "10:09:28 PST"]
[Termination "rhungaski won by resignation"]

1. g3 g6 2. Bg2 Bg7 3. d4 Nf6 4.
Nf3 O-O 5. c4 d6 6. O-O Nc6 7.
Nc3 e5 8. dxe5 Nxe5 9. Nxe5 dxe5 10. Bg5 Qxd1 11. Rfxd1 c6 12. b4 Be6 13. c5 a5 14.
b5 cxb5 15. Nxb5 Rac8 16. Rdc1 Nd5 17. Nd6 Rc7 18. Rab1 Rb8 19. a3 Bf8 20. Bd2 b6 21. Ne4 Rbc8 22. cxb6 Rxc1+ 23. Rxc1 Rxc1+ 24. Bxc1 Nxb6 25.
Bd2 Nc4 26. a4 f5 27. Nf6+ Kf7 28. Nd5 Nxd2 29. Nc7 Bc4 30. e3 Bb4 31. Bb7 e4 32.
Ba6 Bxa6 33. Nxa6 Nc4 34. Kg2 Bd6 35. h4 h5 36. Kf1 Nb6 37. Ke2 Nxa4 38. Kd2 Nb6 39.
Kc3 Ke6 40. Kb3 Kd5 0-1

[Event "Early-Titled-Tuesday-Blitz-January-16-2024"]
[Site "Chess.com"]
[Date "2024.01.16"]
[Round "11"]
[White "HPanesso"]
[Black "IM_ArthurDW08"]
[Result "0-1"]
[WhiteElo "2648"]
[BlackElo "2780"]
[TimeControl "180+1"]
[EndTime "10:09:31 PST"]
[Termination "IM_ArthurDW08 won on time"]

1. e4 c5 2. Nf3 Nc6 3. Bb5 e6 4. O-O Nge7 5. d4 cxd4 6. Nxd4 Ng6 7. Nc3 a6 8. Nxc6 bxc6 9. Bd3 d5 10. Qe2 Be7 11.
g3 d4 12. Na4 h5 13. h4 e5 14. f3 Bh3 15. Rd1 Qc7 16. Bd2 Nf8 17. Kh2 Bd7 18.
c3 g5 19. hxg5 Ne6 20. cxd4 Nxd4 21. Qf2 O-O-O 22. Rac1 Bg4 23. Bxa6+ Kb8 24. Rc3 Bb4 25. Rd3 Nxf3+ 26. Rxf3 Bxf3 27. Qxf3 Bxd2 28. Bc4 h4 29. g4 Bf4+ 30. Kh3 Rxd1 31. Qxd1 Rd8 32. Qb3+ Qb7 33. Qa3 Rd2 34. Be2 Rxe2 35. Qf8+ Ka7 36. Qc5+ Ka8 37.
Qf8+ Qb8 38. Nb6+ Kb7 0-1

[Event "Early-Titled-Tuesday-Blitz-January-16-2024"]
[Site "Chess.com"]
[Date "2024.01.16"]
[Round "11"]
[White "laiciffOneslraCsungaM"]
[Black "dosto07"]
[Result "1-0"]
[WhiteElo "2404"]
[BlackElo "2523"]
[TimeControl "180+1"]
[EndTime "10:09:32 PST"]
[Termination "laiciffOneslraCsungaM won on time"]

1. d4 d5 2. Nc3 Nf6 3. Bf4 c6 4. e3 Bf5 5. f3 e6 6. g4 Bg6 7. h4 h5 8. g5 Nfd7 9. Nge2 Nb6 10. Bh3 Nc4 11. Qc1 Na6 12. Kf2 Nb4 13. e4 Bd6 14. a3 Na6 15. Bxd6 Nxd6 16. Nf4 dxe4 17. Nxg6 fxg6 18. fxe4 O-O+ 19. Kg2 Nc7 20. b3 Ndb5 21. Nxb5 cxb5 22. Qe3 Qd6 23. c4 bxc4 24. bxc4 Qf4 25. Rae1 Kh7 26. Qxf4 Rxf4 27. Rhf1 Raf8 28. Kg3 R4f7 29. Rxf7 Rxf7 30. Rf1 Rd7 31. d5 Rd8 32. Rf7 Na6 33. Bxe6 Nc5 34. Kf4 Nd3+ 35. Ke3 Nc5 36. Bh3 a5 37. Rc7 b6 38. e5 Rf8 39.
e6 Re8 40. e7 Kg8 41. d6 Kf7 42. Rxc5 1-0

[Event "Early-Titled-Tuesday-Blitz-January-16-2024"]
[Site "Chess.com"]
[Date "2024.01.16"]
[Round "11"]
[White "deepfear"]
[Black "GlavkonVVS"]
[Result "0-1"]
[WhiteElo "1926"]
[BlackElo "2445"]
[TimeControl "180+1"]
[EndTime "10:09:32 PST"]
[Termination "GlavkonVVS won on time"]

1. e4 Nf6 2. e5 Nd5 3. c4 Nb6 4. c5 Nd5 5. Nc3 e6 6. d4 b6 7. cxb6 axb6 8. f4 Be7 9. Nf3 c6 10.
Bd3 Ba6 11. O-O O-O 12. Nxd5 exd5 13. f5 f6 14. Qe2 Bxd3 15. Qxd3 Na6 16. a3 Nc7 17.
Bf4 b5 18. Rae1 Ra4 19. exf6 Bxf6 20. Be5 Ne8 21. g4 h6 22. Re2 Bxe5 23. Rxe5 Nf6 24. h3 Ne4 25. Re1 Qf6 26. Nd2 Nxd2 27. Qxd2 d6 28.
Re7 Qxd4+ 29. Qxd4 Rxd4 30. Rd7 Re4 31. Rxe4 dxe4 32.
Rxd6 Rc8 33. Re6 c5 34. Rxe4 c4 35. Re3 b4 36. axb4 Rb8 37. Re2 Rxb4 38. Kg2 Kf7 39. Rc2 Kf6 40. Kg3 Ke5 41. h4 Kd4 0-1

[Event "Early-Titled-Tuesday-Blitz-January-16-2024"]
[Site "Chess.com"]
[Date "2024.01.16"]
[Round "11"]
[White "Mikhail_Golubev"]
[Black "Flawless_Fighter"]
[Result "1-0"]
[WhiteElo "2549"]
[BlackElo "2671"]
[TimeControl "180+1"]
[EndTime "10:09:33 PST"]
[Termination "Mikhail_Golubev won by resignation"]

1. e4 c5 2. Nf3 Nc6 3. Nc3 d6 4. d4 cxd4 5. Nxd4 Nf6 6. Bc4 e6 7. Be3 Bd7 8. f4 a6 9. Bb3 Rc8 10. f5 e5 11. Ne6 Qa5 12. Nxf8 Rxf8 13. O-O Qc7 14. Qd2 h6 15. Rad1 Ke7 16. Nd5+ Nxd5 17. exd5 Nb8 18. f6+ gxf6 19. Qf2 f5 20. Bb6 Qc5 21.
Bxc5 Rxc5 22. Qh4+ f6 23. Qxh6 f4 24. g3 fxg3 25.
hxg3 Rf7 26. Rf2 Bb5 27. a4 Be8 28. Rdf1 Nd7 29. c3 Rf8 30. Bc2 Rxd5 31. Bf5 Nc5 32.
Bg6 Bxg6 33. Qxg6 Nd7 34. Qe4 Rc5 35. Qxb7 a5 36. Rd2 Rg8 37. Kf2 Rd8 38. Rfd1 d5 39.
Rxd5 Rxd5 40. Qxd5 1-0

[Event "Early-Titled-Tuesday-Blitz-January-16-2024"]
[Site "Chess.com"]
[Date "2024.01.16"]
[Round "11"]
[White "Arystanner"]
[Black "Sebastian"]
[Result "0-1"]
[WhiteElo "2806"]
[BlackElo "2959"]
[TimeControl "180+1"]
[EndTime "10:09:34 PST"]
[Termination "Sebastian won by resignation"]

1. e4 c5 2. Nf3 d6 3. d4 cxd4 4. Nxd4 Nf6 5. Nc3 a6 6. Be2 e5 7. Nb3 Be6 8. Be3 Nbd7 9. O-O Rc8 10. Re1 Be7 11. a4 Nb6 12. a5 Nc4 13. Bxc4 Rxc4 14.
Nd2 Rc6 15. Nf1 O-O 16. Bb6 Qc8 17. Ne3 Bd8 18. Ned5 Bxd5 19. Bxd8 Rxd8 20. exd5 Rc5 21. Ra3 Qc7 22. Qd2 Rxa5 23. Ne4 Rxa3 24. Nxf6+ gxf6 25.
bxa3 Rc8 26. Qh6 Qxc2 27. Qxf6 Qg6 28. Qe7 Rc3 29. a4 Rb3 30. h4 h6 31. h5 Qf5 32.
Qxd6 Rb2 33. Qc5 Rd2 34. d6 Kg7 35. Rxe5 Rd1+ 36. Kh2 Qf4+ 37. g3 Qf3 38. Re1 Rxe1 39. Qc3+ Qxc3 0-1

[Event "Early-Titled-Tuesday-Blitz-January-16-2024"]
[Site "Chess.com"]
[Date "2024.01.16"]
[Round "11"]
[White "MatthewG-p4p"]
[Black "DamianoLew95"]
[Result "0-1"]
[WhiteElo "2880"]
[BlackElo "2682"]
[TimeControl "180+1"]
[EndTime "10:09:34 PST"]
[Termination "DamianoLew95 won by resignation"]

1. f4 Nh6 2. e4 d5 3. d3 dxe4 4. dxe4 Qxd1+ 5. Kxd1 e5 6. h3 exf4 7. Bxf4 Bd6 8. Bxd6 cxd6 9. Nc3 Nc6 10. Nf3 f6 11.
Nd5 Rb8 12. c3 Nf7 13. Kc2 Be6 14.
Bc4 Kd7 15. Rad1 Nfe5 16. Bb3 Nxf3 17. gxf3 Bxd5 18. Bxd5 g5 19. f4 h6 20. Rhf1 Rbf8 21. b4 Kc7 22. Rd2 Ne7 23. Bb3 Ng6 24. f5 Ne5 25. Rfd1 Rd8 26. Bd5 h5 27. a4 g4 28.
hxg4 hxg4 29. a5 g3 30. b5 Rh2 31. b6+ axb6 32. axb6+ Kxb6 33. Rb1+ Kc5 34. Rxb7 Nf3 35.
Rxh2 gxh2 36. Rh7 Rd7 37. Rh3 Rg7 38. c4 Rg2+ 39. Kc3 Ne5 40. Rh8 Rg3+ 41. Kc2 Ng4 42.
Rc8+ Kd4 43. e5 fxe5 44. Bb7 e4 45. Rd8 h1=Q 0-1